Map: New Repugnancy LE

Players

Neeb

  • Race: Protoss Protoss
  • League: Master
  • Spawn Location: 7:00

Astrea - Winner!

  • Race: Protoss Protoss
  • League: Grandmaster
  • Spawn Location: 1:00

Event: 2019 WCS Winter Americas

VOD

Have the link to the VOD?

Description

Time

  • Played on: March 23, 2019, 1:43 p.m.
  • Length: 8:02

All games in this series

Show
View Real Time Build Order
Export as new Build Order

Neeb Protoss 

Build Orders:  

Get SALT Encoding   

  12  0:00  Probe  
  13  0:12  Probe  
  14  0:17  Pylon  
  14  0:24  Probe  
  15  0:32  Probe  
  15  0:37  Gateway  
  15  0:40  Probe  
  16  0:46  Assimilator  
  17  0:51  Probe  
  17  0:54  Assimilator  
  18  0:59  Probe  
  19  1:07  Probe  
  19  1:08  Gateway  
  19  1:17  Probe  
  21  1:28  Cybernetics Core  
  21  1:29  Probe  
  22  1:37  Pylon  
  22  1:41  Probe  
  23  1:56  Probe  
  24  2:04  Adept x2  
  24  2:05  Warp Gate  
  28  2:09  Robotics Facility  
  28  2:16  Pylon  
  28  2:31  Gateway  
  28  2:35  Sentry  
  28  2:36  Stalker  
  31  2:51  Immortal  
  33  3:20  Shield Battery  
  33  3:21  Immortal  
  37  3:37  Pylon  
  37  3:53  Sentry  
  39  3:58  Stalker  
  39  4:00  Warp Prism  
  39  4:01  Stalker  
  45  4:08  Pylon  
  45  4:27  Adept  
  45  4:28  Adept x2  
  43  4:52  Stalker x3  
  45  5:19  Stalker, Sentry x2  
  45  5:37  Immortal  
  45  5:57  Adept x3  
  51  6:06  Pylon  
  51  6:08  Pylon  
  51  6:22  Robotics Bay  
  51  6:33  Nexus  
  47  7:02  Stalker x2, Sentry  
  51  7:21  Probe  
  48  7:31  Stalker x2  
Show
View Real Time Build Order
Export as new Build Order

Astrea Protoss - Winner!

Build Orders: Phoenix Opening 

Get SALT Encoding   

  12  0:00  Probe  
  13  0:13  Probe  
  14  0:17  Pylon  
  14  0:23  Probe  
  15  0:31  Probe  
  16  0:37  Gateway  
  16  0:39  Probe  
  16  0:47  Assimilator  
  17  0:50  Probe  
  17  0:55  Assimilator  
  18  0:58  Probe  
  19  1:06  Probe  
  19  1:08  Gateway  
  20  1:17  Probe  
  20  1:24  Cybernetics Core  
  21  1:29  Probe  
  22  1:32  Pylon  
  22  1:42  Probe  
  23  1:51  Warp Gate  
  23  1:54  Probe  
  24  2:01  Stalker x2  
  28  2:06  Probe  
  29  2:12  Pylon  
  29  2:18  Probe  
  30  2:30  Probe  
  30  2:31  Sentry x2  
  35  2:42  Probe, Pylon  
  36  2:49  Robotics Facility  
  36  2:54  Probe  
  37  3:04  Stalker  
  39  3:05  Phoenix  
  37  3:14  Probe  
  37  3:15  Stalker  
  40  3:26  Probe  
  41  3:32  Immortal  
  41  3:35  Nexus  
  41  3:48  Probe  
  46  3:51  Pylon  
  46  4:06  Warp Prism  
  46  4:10  Stalker  
  46  4:11  Stalker  
  46  4:15  Shield Battery  
  52  4:29  Pylon  
  48  4:39  Immortal  
  48  4:43  Stalker x2  
  54  5:10  Stalker x2  
  54  5:14  Immortal  
  48  5:36  Adept x2  
  45  5:59  Nexus  
  45  6:01  Observer  
  46  6:04  Sentry  
  46  6:07  Sentry  
  46  6:08  Probe  
  51  6:17  Probe  
  51  6:25  Probe  
  52  6:30  Warp Prism  
  55  6:33  Sentry  
  57  6:44  Probe  
  58  6:56  Probe  
  58  7:00  Adept x2  
  63  7:06  Pylon  
  63  7:29  Adept x2  
Tags
 
Add a new tag
Caveats
  • Supply blocks, unpowered buildings, or Contaminate may cause inaccurate times.
  • Supply counts are checked every 10 seconds.